 Seeded DCSS version 0.31-a0-538-gbc85326fa9 (webtiles) character file.

Game seed: 20230619 (custom seed)

36164 a11behringer the Severer (level 13, -8/119 HPs)
             Began as a Minotaur Berserker on June 19, 2023.
             Was a High Priest of Trog.
             Mangled by Agnes
             ... wielding a +0 lajatang
              (14 damage)
             ... on level 15 of the Dungeon on Aug 13, 2023.
             The game lasted 00:47:23 (14004 turns).

a11behringer the Severer (Minotaur Berserker)      Turns: 14004, Time: 00:47:24

Health: -8/119     AC: 21    Str: 31    XL:     13   Next: 51%
Magic:  12/12      EV: 12    Int:  4    God:    Trog [*****.]
Gold:   706        SH:  0    Dex: 12    Spells: 12/12 levels left

rFire   . . .        H - +4 battleaxe (spect)
rCold   . . .        (shield currently unavailable)
rNeg    . . .        r - +0 plate armour
rPois   .            (helmet restricted)
rElec   .            U - +0 cloak
rCorr   .            w - +0 pair of gloves
SInv    +            g - +1 pair of boots
Will    .....        x - amulet of regeneration Stlth
                     u - +6 ring of strength
HPRegen 1.19/turn    O - ring of see invisible
MPRegen 0.13/turn

%: no passive effects
@: no status effects
A: horns 2, retaliatory headbutt
a: Renounce Religion, Berserk, Trog's Hand, Brothers in Arms


You were on level 15 of the Dungeon.
You worshipped Trog.
Trog was extremely pleased with you.
You visited 1 branch of the dungeon, and saw 15 of its levels.
You also visited: Ossuary.

You collected 1152 gold pieces.
You spent 446 gold pieces at shops.

Inventory:

Hand Weapons
 c - the +8 lance "Wyrmbane" {slay drac, rPois rF+ rC+ AC+3}
   (You took it off a centaur warrior on level 13 of the Dungeon)

   AC+3:      It affects your AC (+3).
   rF+:       It protects you from fire.
   rC+:       It protects you from cold.
   rPois:     It protects you from poison
 q - a +0 arbalest
 H - a +4 spectral battleaxe (weapon)
 I - a +4 dire flail
 K - a +5 hand axe of freezing
 S - a +1 broad axe of flaming
Missiles
 C - 2 throwing nets
Armour
 g - a +1 pair of boots (worn)
 p - a +0 troll leather armour
 r - a +0 plate armour (worn)
 w - a +0 pair of gloves (worn)
 E - a +2 leather armour of willpower
 G - a +2 scale mail of poison resistance
 U - a +0 cloak (worn)
Jewellery
 f - a ring of fire
 n - a ring of willpower
 u - a +6 ring of strength (left hand)
 x - an amulet of regeneration (around neck)
 O - a ring of see invisible (right hand)
 V - a ring of protection from cold
Wands
 b - a wand of flame (21)
 h - a wand of charming (23)
 D - a wand of digging (11)
 L - a wand of quicksilver (3)
 M - a wand of iceblast (16)
Scrolls
 a - a scroll of enchant armour
 i - 4 scrolls of blinking
 l - 3 scrolls of immolation
 m - a scroll of fog
 o - 7 scrolls of teleportation
 F - a scroll of enchant weapon
 Q - 2 scrolls of brand weapon
 T - a scroll of poison {unknown}
 W - a scroll of revelation {unknown}
Potions
 d - 5 potions of mutation
 e - 3 potions of haste
 j - 6 potions of heal wounds
 k - 2 potions of ambrosia
 s - 2 potions of berserk rage
 t - 3 potions of enlightenment
 z - 5 potions of curing
 A - a potion of magic {unknown}
 B - a potion of invisibility {unknown}
 J - a potion of cancellation {unknown}
 Y - a potion of resistance {unknown}


   Skills:
 + Level 12.6 Fighting
 + Level 16.1 Axes
 + Level 5.2 Ranged Weapons
 + Level 12.3 Armour
 + Level 11.3 Dodging
 * Level 6.3 Evocations


You had 12 spell levels left.
You didn't know any spells.
Your spell library was empty.

Dungeon Overview and Level Annotations

Branches:
Dungeon (15/15)            Temple (0/1) D:6            Lair (0/5) D:9
    Orc (0/2) D:11         Vaults (0/5) D:13        Ossuary (visited)
 Depths: D:15

Altars:
Ashenzari
Nemelex Xobeh
Qazlal
Ru
Trog
Wu Jian

Shops:
D:2 *   D:4 :   D:6 =

Portals:
Trove: D:13 (give 17 potions of curing)

Annotations:
D:6 1 runed translucent door, MathMan16's ghost, amateur HOMo
D:15 Agnes


Innate Abilities, Weirdness & Mutations

You have a pair of horns on your head.
You reflexively headbutt those who attack you in melee.


Message History

Agnes shouts!
Agnes says, "I despise a dishonourable opponent."
Found a robe.
Agnes says, "You dishonour your ancestors."
Agnes hits you with a +0 lajatang!! Agnes hits you with a +0 lajatang!
You slice Agnes!!
Agnes is moderately wounded.
Your +4 spectral battleaxe misses Agnes.
Your +4 spectral battleaxe hits the wizard!
Agnes closely misses you. You furiously retaliate!
You headbutt Agnes. Agnes hits you with a +0 lajatang!!
You slice Agnes!!
Agnes is heavily wounded.
Your +4 spectral battleaxe misses Agnes.
Your +4 spectral battleaxe hits the wizard.
The wizard hits your +4 spectral battleaxe with a +0 dagger!
Your spectral weapon shares its damage with you!
Agnes hits you with a +0 lajatang.
You are too injured to fight recklessly!
You are too injured to fight recklessly!
You are too injured to fight recklessly!
You are too injured to fight recklessly!
You are too injured to fight recklessly!
You miss Agnes. Your headbutt misses Agnes.
Agnes is heavily wounded.
Your +4 spectral battleaxe completely misses Agnes.
Your +4 spectral battleaxe hits the wizard!!
You kill the wizard!
Trog accepts your kill.
Trog appreciates your killing of a magic user.
Agnes hits you with a +0 lajatang!!
* * * LOW HITPOINT WARNING * * *
Agnes hits you with a +0 lajatang!
* * * LOW HITPOINT WARNING * * *
You feel much better.
Your +4 spectral battleaxe disappears.
Agnes hits you with a +0 lajatang!!
* * * LOW HITPOINT WARNING * * *
Agnes hits you with a +0 lajatang!
You die...

#..[.. #..... ..
#....#####..
#...........
#...........
#........... #...
#.#.i......# #...
#...@.).....
#...####.......####
#........#...#.#
#....#...#.....#
#..............#
#.................
#....#<..#..####..#
#..<........... ...
################ ##


You could see Agnes.

Vanquished Creatures
  Jorgrun (D:13)
  Josephine (D:14)
  Harold (D:11)
  5 centaur warriors
  4 boulder beetles
  2 two-headed ogres (D:10)
  Urug (D:13)
  3 skeletal warriors (D:13)
  Lodul (D:13)
  A goliath frog (shapeshifter) (D:14)
  A wizard (D:15)
  5 ugly things
  A deep elf pyromancer (D:14)
  2 cyclopes
  A manticore (D:14)
  4 gargoyles
  3 kobold demonologists (D:12)
  A rime drake (D:9)
  2 unseen horrors
  A hornet (D:8)
  6 trolls
  A jumping spider (shapeshifter) (D:13)
  6 slime creatures (D:13)
  9 wraiths
  3 shadows
  A water elemental (D:14)
  Eustachio (D:6)
  16 humans (D:13)
  2 wyverns (D:9)
  16 yaks
  A basilisk (D:14)
  7 vampire mosquitoes
  3 steam dragons
  3 acid dragons (D:11)
  2 sky beasts
  5 orc warriors
  Pargi (D:3)
  2 ice beasts
  2 black bears (D:6)
  An ogre (D:4)
  2 wolves (D:9)
  9 centaurs
  A phantom (D:4)
  3 kobold brigands
  A bullfrog (D:7)
  An elf zombie (Ossuary)
  A gnoll sergeant (D:10)
  3 scorpions
  12 wights
  3 howler monkeys
  8 orc priests
  3 centaur zombies (Ossuary)
  3 hounds
  A jelly (D:4)
  Jessica (D:3)
  6 iguanas
  Natasha (thrice) (D:4)
  7 orc wizards
  2 ogre zombies (Ossuary)
  8 mummies
  7 adders
  5 gnolls (D:10)
  2 shadow imps (D:6)
  2 white imps
  An ufetubus (D:5)
  5 adder zombies (Ossuary)
  2 worms
  3 dart slugs
  60 orcs
  3 ball pythons
  6 endoplasms
  2 giant cockroaches
  A gnoll zombie (Ossuary)
  3 goblins
  8 hobgoblins
  4 jackals (D:1)
  22 kobolds
  A bat (D:1)
  2 frilled lizards (D:1)
  3 hobgoblin zombies (Ossuary)
  9 kobold zombies (Ossuary)
  2 orc zombies (D:4)
  3 quokka zombies (Ossuary)
  7 rats
  3 rat zombies (Ossuary)
373 creatures vanquished.

Vanquished Creatures (collateral kills)
  2 skeletal warriors (D:13)
  A wraith (D:11)
  2 orc warriors (D:11)
  3 orcs (D:11)
8 creatures vanquished.

Vanquished Creatures (others)
  A cyclops (D:14)
  An electric eel (D:14)
  3 spectral weapons
5 creatures vanquished.

Grand Total: 386 creatures vanquished

Notes
Turn   | Place    | Note
-------+----------+-------------------------------------------
     0 | D:1      | a11behringer the Minotaur Berserker began the quest for the
                  | Orb.
     0 | D:1      | Reached XP level 1. HP: 19/19 MP: 0/0
   209 | D:1      | Reached XP level 2. HP: 27/27 MP: 1/1
   210 | D:1      | Reached skill level 4 in Axes
   633 | D:2      | Reached ** piety under Trog
   670 | D:2      | Found Zianaarr's General Store.
   683 | D:2      | Reached XP level 3. HP: 33/33 MP: 2/2
   685 | D:2      | Bought a scroll of identify for 26 gold pieces
   703 | D:2      | Identified the +3 dagger "Coxoz" {speed, Contam rElec rF+
                  | rC+}
   824 | D:2      | Found a faded altar of an unknown god.
   903 | D:2      | Reached XP level 4. HP: 40/40 MP: 3/3
  1328 | D:3      | Noticed Pargi
  1339 | D:3      | Killed Pargi
  1340 | D:3      | Reached skill level 5 in Axes
  1340 | D:3      | Reached XP level 5. HP: 42/47 MP: 4/4
  1711 | D:3      | Noticed Jessica
  1720 | D:3      | Killed Jessica
  2129 | D:4      | Reached XP level 6. HP: 54/55 MP: 5/5
  2227 | D:4      | Reached skill level 6 in Axes
  2260 | D:4      | Found Gekiyde's Book Boutique.
  2266 | D:4      | Reached skill level 5 in Fighting
  2339 | D:4      | Found a sand-covered staircase.
  2345 | Ossuary  | Entered an ossuary
  2350 | Ossuary  | Reached *** piety under Trog
  2525 | Ossuary  | Reached XP level 7. HP: 61/61 MP: 6/6
  2575 | Ossuary  | Reached skill level 7 in Axes
  2872 | D:4      | Noticed Natasha
  2875 | D:4      | Killed Natasha
  2925 | D:4      | Found a bloodstained altar of Trog.
  2947 | D:4      | Reached skill level 5 in Armour
  3278 | D:4      | Reached **** piety under Trog
  3415 | D:4      | Noticed Natasha
  3421 | D:4      | Killed Natasha
  3549 | D:4      | Noticed Natasha
  3558 | D:4      | Killed Natasha
  3559 | D:4      | Reached skill level 5 in Dodging
  3559 | D:4      | Reached XP level 8. HP: 70/70 MP: 7/7
  3579 | D:5      | Entered Level 5 of the Dungeon
  3670 | D:5      | Reached skill level 8 in Axes
  3734 | D:5      | Found a sacrificial altar of Ru.
  4766 | D:6      | Found a staircase to the Ecumenical Temple.
  4775 | D:6      | Found Sacwiro's Jewellery Boutique.
  4973 | D:6      | Reached skill level 9 in Axes
  4978 | D:6      | Found a runed translucent door.
  4978 | D:6      | Noticed MathMan16's ghost (amateur HOMo)
  5568 | D:6      | Noticed Eustachio
  5583 | D:6      | Killed Eustachio
  5583 | D:6      | Reached ***** piety under Trog
  5584 | D:6      | Reached XP level 9. HP: 79/79 MP: 8/8
  5851 | D:6      | Reached skill level 10 in Axes
  6191 | D:7      | Found a sparkling altar of Nemelex Xobeh.
  6738 | D:7      | Upgraded the game from 0.31-a0-180-g519b7de00c to
                  | 0.31-a0-538-gbc85326fa9
  6930 | D:8      | Paralysed by a hornet for 2 turns
  6936 | D:8      | Reached skill level 11 in Axes
  7112 | D:8      | Noticed a gargoyle
  7115 | D:8      | Killed a gargoyle
  7297 | D:8      | Reached XP level 10. HP: 72/90 MP: 9/9
  7609 | D:8      | Received a gift from Trog
  7913 | D:9      | Reached skill level 12 in Axes
  8032 | D:9      | Found a staircase to the Lair.
  8207 | D:9      | Found a broken altar of Ashenzari.
  8599 | D:10     | Entered Level 10 of the Dungeon
  8629 | D:10     | Reached skill level 13 in Axes
  8729 | D:10     | Noticed a two-headed ogre
  8732 | D:10     | Killed a two-headed ogre
  8733 | D:10     | Reached XP level 11. HP: 67/99 MP: 10/10
  8934 | D:10     | Reached skill level 10 in Fighting
  9087 | D:10     | You fall into a shaft and drop 1 floor!
  9148 | D:10     | Noticed a centaur warrior
  9155 | D:10     | Killed a centaur warrior
  9434 | D:10     | Noticed a two-headed ogre
  9439 | D:10     | Killed a two-headed ogre
  9624 | D:10     | Found an ornate altar of the Wu Jian Council.
  9883 | D:11     | Found a staircase to the Orcish Mines.
  9890 | D:11     | Reached skill level 10 in Armour
 10198 | D:6      | Bought an amulet of regeneration for 420 gold pieces
 10323 | D:11     | Noticed a boulder beetle
 10333 | D:11     | Reached skill level 14 in Axes
 10334 | D:11     | Killed a boulder beetle
 10613 | D:11     | Noticed Harold
 10624 | D:11     | Killed Harold
 11117 | D:12     | Noticed a green ugly thing
 11123 | D:12     | Killed a green ugly thing
 11153 | D:12     | Noticed a boulder beetle
 11161 | D:12     | Killed a boulder beetle
 11255 | D:12     | Reached skill level 15 in Axes
 11272 | D:12     | Reached skill level 10 in Dodging
 11273 | D:12     | Reached XP level 12. HP: 110/110 MP: 11/11
 11402 | D:12     | Reached skill level 1 in Evocations
 11411 | D:12     | Reached skill level 1 in Ranged Weapons
 11411 | D:12     | Received a gift from Trog
 11469 | D:12     | Found a stormy altar of Qazlal.
 11914 | D:13     | Noticed a boulder beetle
 11946 | D:13     | Killed a boulder beetle
 11965 | D:13     | Noticed Lodul
 11969 | D:13     | Noticed a centaur warrior
 11970 | D:13     | Noticed Urug
 11971 | D:13     | Found a gate to the Vaults.
 11977 | D:13     | Killed Lodul
 11984 | D:13     | Killed a centaur warrior
 11985 | D:13     | Killed Urug
 12062 | D:13     | Noticed Jorgrun
 12082 | D:13     | HP: 4/168 [constriction (16)]
 12083 | D:13     | Killed Jorgrun
 12135 | D:13     | Reached XP level 13. HP: 44/118 MP: 12/12
 12327 | D:13     | Found a portal to a secret trove of treasure.
 12351 | D:13     | Reached skill level 5 in Evocations
 13397 | D:14     | Reached skill level 16 in Axes
 13433 | D:14     | Noticed Josephine
 13444 | D:14     | Killed Josephine
 13547 | D:14     | Reached skill level 5 in Ranged Weapons
 13968 | D:15     | Entered Level 15 of the Dungeon
 13997 | D:15     | Noticed Agnes
 14004 | D:15     | Mangled by Agnes

Illustrated notes

Levels and vault maps discovered:
D:1:      heliophobic_arrival_henge, layout_basic, nicolae_figureground_sparkle
D:2:      minmay_evil_eye, layout_rooms, shapermc_ecumenical_altar_venn,
          serial_shops, shop
D:3:      layout_basic, guppyfry_early_lair_pool, uniq_jessica, uniq_pargi
D:4:      layout_cave_pods, mainiacjoe_overflow_paths,
          nicolae_ossuary_entry_giza, serial_shops, shop, uniq_natasha
D:5:      layout_loops_ring, nicolae_overflow_crystal_walls
D:6:      layout_basic, temple_green, gammafunk_ghost_grave, serial_shops,
          nicolae_stop_n_shop_1, patterned_corridor, uniq_eustachio
D:7:      layout_loops_ring, marbit_many_paths, minmay_misc_feat_diagonals,
          corexii_corridor_pit
D:8:      layout_gridville
D:9:      layout_roguey, nicolae_ashenzari_panopticon, hellmonk_lair_entry_icy
D:10:     layout_basic, nzn_wu_jian_contemplation
D:11:     layout_loops_cross, david_orc_5, grunt_ministairs_12, uniq_harold
D:12:     nicolae_cairo_tiling, layout_loops_cross, grunt_qazlal_sundering
D:13:     layout_layer_cave, david_vaults_3, enter_trove_1, nicolae_titane,
          uniq_jorgrun
D:14:     layout_rooms, columned_hall_lemuel, minmay_misc_feat_alley,
          lemuel_freeze_loot_1, uniq_josephine
D:15:     hangedman_depths_entry_civil_slaughter, layout_stronghold,
          serial_park_tiny_pond, uniq_rupert, uniq_azrael, uniq_agnes

Skill      XL: |  1  2  3  4  5  6  7  8  9 10 11 12 13 |
---------------+----------------------------------------+-----
Axes           | 4 5 6 7 9 11 13 15 16 | 16.1
Fighting       | 4 5 6 7 8 9 11 12 | 12.6
Armour         | 3 4 5 6 8 9 10 11 12 | 12.3
Dodging        | 3 4 5 6 7 8 10 11 | 11.3
Evocations     | 4 6 |  6.3
Ranged Weapons | 4 5 |  5.2

Action                     |  1- 3 |  4- 6 |  7- 9 | 10-12 | 13-15 || total
---------------------------+-------+-------+-------+-------+-------++-------
  Melee: Hand axe          |    68 |    97 |   209 |       |       ||   374
         Headbutt          |    10 |    22 |    44 |    57 |    16 ||   149
         Punch             |       |     1 |     4 |       |       ||     5
         Battleaxe         |       |       |    57 |   216 |    85 ||   358
 Invoke: Berserk           |       |     1 |       |     4 |       ||     5
         Trog's Hand       |       |       |       |     4 |     1 ||     5
         Brothers in Arms  |       |       |       |     2 |       ||     2
    Use: Scroll            |     2 |       |    15 |     5 |     1 ||    23
         Potion            |       |       |     1 |       |     1 ||     2
   Stab: Distracted        |       |       |     1 |     4 |     3 ||     8
 Armour: Scale mail        |    31 |    32 |   144 |    39 |       ||   246
         Plate armour      |       |       |       |    86 |    50 ||   136
  Dodge: Dodged            |    38 |    57 |   164 |   112 |    61 ||   432

Table legend: (Time is in decaauts)
 A = Elapsed time spent in this place.
 B = Non-inter-level travel time spent in this place.
 C = Inter-level travel time spent in this place.
 D = Time resting spent in this place.
 E = Time spent auto-exploring this place.
 F = Levels seen in this place.
 G = Mean time per level.
                   A        B        C        D        E       F      G
               +--------+--------+--------+--------+--------+-----+--------+
         Total |  14165 |  12394 |   1771 |      0 |  10425 |  16 |  885.3 |
       Dungeon |  13623 |  11852 |   1771 |      0 |  10080 |  15 |  908.2 |
       Ossuary |    542 |    542 |      0 |      0 |    345 |   1 |  542.0 |
               +--------+--------+--------+--------+--------+-----+--------+

Top non-repeatable levels by time:
     D:6: 1376 daAuts
    D:13: 1354 daAuts
    D:10: 1270 daAuts
     D:4: 1223 daAuts
     D:8: 1102 daAuts
     D:3: 1060 daAuts
     D:5: 993 daAuts
    D:11: 877 daAuts
     D:7: 860 daAuts
    D:12: 830 daAuts
     D:9: 781 daAuts
    D:14: 735 daAuts
     D:1: 630 daAuts
 Ossuary: 542 daAuts
     D:2: 491 daAuts
